 Dungeon Crawl Stone Soup version 0.25.0-37-gb73750e0fb (webtiles) character file.

Game seed: 11711557998732181014

67 Ijustatesigmund the Chopper (level 4, -4/31 HPs)
             Began as an Octopode Gladiator on July 8, 2020.
             Killed by divine providence
             ... invoked by an orc priest
              (15 damage)
             ... on level 3 of the Dungeon.
             The game lasted 00:03:15 (2321 turns).

Ijustatesigmund the Chopper (Octopode Gladiator)    Turns: 2321, Time: 00:03:15

Health: -4/31      AC:  1    Str: 11    XL:     4   Next: 18%
Magic:  13/13      EV: 14    Int: 10    God:
Gold:   149        SH:  4    Dex: 14    Spells: 3/3 levels left

rFire    . . .     SeeInvis .   f - +2 hand axe (freeze)
rCold    . . .     Gourm    .   (no shield)
rNeg     . . .     Faith    .   b - +0 hat
rPois    +         Spirit   .   (no amulet)
rElec    .         Reflect  .   i - ring of magical power
rCorr    .         Harm     .   (no ring)
MR       .....                  (no ring)
Stlth    ++........             (no ring)
HPRegen  0.10/turn              (no ring)
MPRegen  0.13/turn              (no ring)
                                (no ring)
                                (no ring)

@: mighty
A: almost no armour, stealthy swim, amphibious, 8 rings, constrict 8, large bone
plates 1, camouflage 1, blink, poison resistance, weak 1, gelatinous body 1, no
potion heal 1
a: Blink


You were on level 3 of the Dungeon.
You were not hungry.

You visited 1 branch of the dungeon, and saw 3 of its levels.

You collected 149 gold pieces.

Inventory:

Hand Weapons
 a - a +0 war axe
 f - a +2 hand axe of freezing (weapon)
Missiles
 c - 3 throwing nets (quivered)
 e - 13 poisoned darts
 n - 7 atropa-tipped darts
Armour
 b - a +0 hat (worn)
Jewellery
 i - a ring of magical power (left tentacle)
Scrolls
 p - a scroll of blinking
Potions
 g - a potion of might
 h - 2 potions of curing
 j - 2 potions of cancellation {unknown}
 k - a potion of brilliance {unknown}
 o - a potion of flight {unknown}
Comestibles
 d - 7 rations
 s - 2 chunks of flesh


   Skills:
 + Level 3.3 Fighting
 + Level 4.0 Axes
 - Level 2.0 Throwing
 - Level 3.0 Dodging


You had 3 spell levels left.
You didn't know any spells.
Your spell library was empty.

Dungeon Overview and Level Annotations

Branches:
Dungeon (3/15)

Altars:
Yredelemnul


Innate Abilities, Weirdness & Mutations

You cannot wear most types of armour.
You are very stealthy in the water. (Stealth+)
You are amphibious.
You can wear up to eight rings at the same time.
You can use your tentacles to constrict eight enemies at once.
Your skin changes colour to match your surroundings (Stealth+).
Your rubbery body absorbs attacks. (AC +1, EV +1)
You are partially covered in large bone plates. (SH +4)
You can translocate small distances at will.
Your system is resistant to poisons. (rPois)
You are weak. (Str -2)
Potions are less effective at restoring your health.


Message History

2 orcs and an orc priest come into view.
You hear a shout! x3; The orc priest shouts!
The orc shouts! x2
You hear a shout!
You hear an angry hiss. x2
The orc enters a dispersal trap!
The orc priest blinks!
The orc blinks! x3
The orc priest blinks!
You blink.
The orc blinks!
An adder comes into view.
Found a scroll of blinking.
You barely miss the orc priest. You grab the orc priest. You hit the orc.
You freeze the orc.
You hear the slow rusting of a distant drain.
You constrict the orc priest. The orc hits you with a +0 dagger.
The orc priest invokes the aid of Beogh against you.
Beogh smites you!
You are too injured to fight recklessly!
Unknown command.
You feel very mighty all of a sudden.
You constrict the orc priest, but do no damage.
The orc priest invokes the aid of Beogh against you.
Beogh smites you!
You die...

### .. #... #.##.##### .
#. #..# #......... .. ..
#§.####.#..#......
..#.##.......#..#######
#o......g.# #..#......
#.o^......# #.........
#...o.o?..# #...#.###. .
#..o@....# #.........
..........o.# #.#.#.##..
....####'######)#.#.....
..#.....§.......#.#.#.#.
. #...................#.
######.########.#.###.
#.##.......#.....
#.##.############
#...........


You could see 2 orc priests, 4 orcs and a hobgoblin.

Vanquished Creatures
  A gnoll (D:1)
  An adder (D:2)
  An ooze (D:2)
  2 worms (D:2)
  An orc (D:3)
  5 giant cockroaches
  2 goblins (D:2)
  3 hobgoblins
  A quokka (D:2)
  A ball python (D:1)
  12 bats
  3 frilled lizards
  6 kobolds
  2 rats (D:1)
41 creatures vanquished.

Notes
Turn   | Place    | Note
-------+----------+-------------------------------------------
     0 | D:1      | Ijustatesigmund the Octopode Gladiator began the quest for
                  | the Orb.
     0 | D:1      | Reached XP level 1. HP: 14/14 MP: 1/1
   386 | D:1      | Reached XP level 2. HP: 18/20 MP: 2/2
  1000 | D:1      | Reached XP level 3. HP: 23/25 MP: 3/3
  1269 | D:2      | Gained mutation: Potions are less effective at restoring
                  | your health. [potion of mutation]
  1269 | D:2      | Gained mutation: You are dopey. (Int -2) [potion of
                  | mutation]
  1269 | D:2      | Gained mutation: You can translocate small distances at
                  | will. [potion of mutation]
  1269 | D:2      | Gained mutation: You possess an exceptional clarity of
                  | mind. [potion of mutation]
  1305 | D:2      | Lost mutation: You are dopey. (Int -2) [potion of mutation]
  1305 | D:2      | Lost mutation: You possess an exceptional clarity of mind.
                  | [potion of mutation]
  1305 | D:2      | Gained mutation: You are partially covered in large bone
                  | plates. (SH +4) [potion of mutation]
  1305 | D:2      | Gained mutation: You are weak. (Str -2) [potion of
                  | mutation]
  1305 | D:2      | Gained mutation: Your system is resistant to poisons.
                  | (rPois) [potion of mutation]
  1716 | D:2      | Found a basalt altar of Yredelemnul.
  1729 | D:2      | Reached skill level 4 in Axes
  1729 | D:2      | Reached XP level 4. HP: 13/31 MP: 4/4
  2321 | D:3      | Killed from afar by an orc priest

Illustrated notes

Levels and vault maps discovered:
D:1:      lightli_arrival_lavapool, layout_loops_ring, minmay_tromino_v7
D:2:      layout_loops_ring, overflow_temple_1_default
D:3:      layout_basic, first_ration, gup_sewer_entry_spiral,
          minmay_fractal_squares_diagonal_5

Skill      XL: |  1  2  3 |
---------------+----------+-----
Fighting       | 3 |  3.3
Axes           | 4 |  4.0
Throwing       | |  2.0
Dodging        | |  3.0

Action                   |  1- 3 |  4- 6 || total
-------------------------+-------+-------++-------
Melee: War axe           |    28 |       ||    28
       Constrict         |    15 |     3 ||    18
       Hand axe          |    39 |     8 ||    47
       Tentacles         |     4 |     1 ||     5
  Use: Scroll            |     6 |     5 ||    11
       Potion            |     2 |     1 ||     3
 Stab: Sleeping          |     9 |     3 ||    12
  Eat: Chunk             |     2 |     2 ||     4
Armor: Skin              |     6 |       ||     6
Dodge: Dodged            |    60 |     5 ||    65
Block: Other             |     2 |       ||     2
